 Dungeon Crawl Stone Soup version 0.23-a0-586-gacb4b3f (webtiles) character file.

5845 Leeroy the Magician (level 10, 0/79 HPs)
             Began as a Gnoll Skald on Dec 19, 2018.
             Was a High Priest of Okawaru.
             Slain by an ogre zombie (3 damage)
             ... while paralysed by a hornet
             ... on level 11 of the Dungeon.
             The game lasted 00:48:53 (8326 turns).

Leeroy the Magician (Gnoll Skald)                   Turns: 8326, Time: 00:48:53

Health: 0/79       AC: 13    Str: 16    XL:     10   Next: 80%
Magic:  16/21      EV:  2    Int: 17    God:    Okawaru [*****.]
Gold:   197        SH:  0    Dex: 14    Spells: 6/24 levels left

rFire    + . .     SeeInvis .   U - +3 falchion (flame)
rCold    . . .     Gourm    .   (no shield)
rNeg     . . .     Faith    +   r - +5 ring mail {rF+}
rPois    .         Spirit   .   (no helmet)
rElec    .         Reflect  .   (no cloak)
rCorr    .         Harm     .   K - +1 pair of gloves
MR       .....     Clarity  +   (no boots)
Stlth    ++........             h - amulet of faith
HPRegen  1.23/turn              (no ring)
MPRegen  0.17/turn              (no ring)

@: paralysed, lethally poisoned (0 -> -2), regenerating (expiring), slowed
A: distributed training, fangs 1, blurry vision 1, clarity, strong nose
a: Heroism, Finesse, Renounce Religion


You were on level 11 of the Dungeon.
You worshipped Okawaru.
Okawaru was extremely pleased with you.
You were near starving.

You visited 2 branches of the dungeon, and saw 12 of its levels.

You collected 337 gold pieces.
You spent 140 gold pieces at shops.

Inventory:

Hand Weapons
 a - a +4 long sword
 c - a +0 arbalest
 x - a +2 dagger of venom
 y - a +1 dagger of draining
 E - a +0 blowgun
 I - a +2 dagger of venom
 J - a +3 hand axe
 M - the +5 hunting sling of Posmuv {flame, rC+ Str+4}
   (You found it on level 4 of the Dungeon)

   It causes projectiles fired from it to burn those they strike, causing extra
   injury to most foes and up to half again as much damage against particularly
   susceptible opponents.
   It affects your strength (+4).
   It protects you from cold.
 S - a +2 scythe of protection
 U - a +3 falchion of flaming (weapon)
 X - a +0 shortbow
Missiles
 b - 4 poisoned javelins
 e - 93 poisoned needles
 n - 138 arrows
 p - 267 stones (quivered)
 t - 19 bolts
 P - 4 needles of confusion
 R - 154 sling bullets
 Y - 8 needles of paralysis
Armour
 r - a +5 ring mail of fire resistance (worn)
 D - a +0 troll leather armour
 K - a +1 pair of gloves (worn)
Jewellery
 h - an amulet of faith (around neck)
 H - a cursed ring of attention {unknown}
 T - an uncursed ring of flight
 W - an uncursed ring of positive energy
Wands
 f - a wand of acid (3)
 w - a wand of digging (3)
 N - a wand of flame (3)
 Q - a wand of polymorph (4)
Scrolls
 l - 3 scrolls of magic mapping {unknown}
 o - 2 scrolls of enchant armour
 s - 2 scrolls of enchant weapon
 u - 2 scrolls of fear
 A - 2 scrolls of fog {unknown}
 B - a scroll of immolation {unknown}
 C - 6 scrolls of teleportation
 F - a scroll of acquirement {unknown}
 G - a scroll of amnesia {unknown}
 O - 3 scrolls of remove curse
 V - a scroll of noise
 Z - a scroll of random uselessness {unknown}
Potions
 g - a potion of mutation
 i - a potion of magic {unknown}
 j - 3 potions of degeneration
 k - 2 potions of haste {unknown}
 m - a potion of agility {unknown}
 q - 4 potions of heal wounds
 z - a potion of cancellation {unknown}
 L - a potion of flight {unknown}
Comestibles
 d - 20 rations


   Skills:
 + Level 7.2 Fighting
 + Level 5.5 Short Blades
 + Level 7.2 Long Blades
 + Level 5.5 Axes
 + Level 5.5 Maces & Flails
 + Level 5.5 Polearms
 + Level 5.5 Staves
 + Level 5.5 Slings
 + Level 5.5 Bows
 + Level 5.5 Crossbows
 + Level 5.5 Throwing
 + Level 6.1 Armour
 + Level 7.2 Dodging
 + Level 5.5 Stealth
 + Level 5.5 Shields
 + Level 5.5 Unarmed Combat
 + Level 7.5 Spellcasting
 + Level 4.5 Conjurations
 + Level 4.5 Hexes
 + Level 7.2 Charms
 + Level 4.5 Summonings
 + Level 4.5 Necromancy
 + Level 4.5 Translocations
 + Level 4.5 Transmutations
 + Level 4.5 Fire Magic
 + Level 4.5 Ice Magic
 + Level 4.5 Air Magic
 + Level 4.5 Earth Magic
 + Level 4.5 Poison Magic
 + Level 6.0 Invocations
 + Level 5.5 Evocations


You had 6 spell levels left.
You knew the following spells:

 Your Spells              Type           Power        Failure   Level  Hunger
a - Infusion              Chrm           ####         1%          1    None
b - Song of Slaying       Chrm           ####....     1%          2    None
c - Shroud of Golubria    Chrm/Tloc      ####......   2%          2    None
d - Regeneration          Chrm/Necr      ####......   4%          3    ##.....
e - Spectral Weapon       Hex/Chrm       ####....     4%          3    ##.....
f - Throw Frost           Conj/Ice       ###...       4%          2    None
g - Throw Icicle          Conj/Ice       ###.....     28%         4    ####...
h - Freeze                Ice            ###.         3%          1    None

Your spell library contained the following spells:

 Spells                   Type           Power        Failure   Level  Hunger
 Ozocubu's Armour         Chrm/Ice       ####....     4%          3    ##.....
 Summon Ice Beast         Ice/Summ       ###.....     28%         4    ####...


Dungeon Overview and Level Annotations

Branches:
Dungeon (11/15)            Temple (1/1) D:7
   Lair: D:8-11         Orc: D:9-12

Altars:
Ashenzari
Cheibriados
Dithmenos
Elyvilon
Gozag
Kikubaaqudgha
Makhleb
Nemelex Xobeh
Okawaru
Qazlal
Ru
Sif Muna
Trog
Uskayaw
Vehumet
Yredelemnul
Zin
The Shining One

Shops:
D:7 *   D:9 [

Annotations:
D:9 2 transporters, Loge's ghost, novice DEFE


Innate Abilities, Weirdness & Mutations

Your experience applies equally to all skills.
You have very sharp teeth.
Your uncanny sense of smell can sniff out nearby items.
Scrolls take you a little longer to read.
You possess an exceptional clarity of mind.


Message History

The troll zombie claws you. The hornet stings you!
* * * LOW HITPOINT WARNING * * *
You suddenly lose the ability to move!
The hungry ghost hits you.
You are feeling very hungry.
The crimson imp blinks!
The troll zombie bites you.
* * * LOW HITPOINT WARNING * * *
The troll zombie claws you but does no damage.
The troll zombie barely misses you. The hornet stings you!
* * * LOW HITPOINT WARNING * * *
You are more poisoned.
You feel as though you will be slow longer.
Your song has ended.
You feel sick. The hungry ghost hits you.
* * * LOW HITPOINT WARNING * * *
You are near starving!
The hornet stings you.
* * * LOW HITPOINT WARNING * * *
You feel as though you will be slow longer.
The ogre zombie hits you.
You die...

..#### .5....
......##### ......#...
.........##
.....8Z...####
...ZW.ZZ.....# ∆
#ZW)##..####### #@Z.#
.......# #.y.# #.....#
.#####W..#####.....####
...........÷....<...!...
..........##.#######.###
...$.........# #
.#.###.###..## # #.
...## ....###


You could see a phantom, a hungry ghost, a hornet, a crimson imp, 2 orc zombies,
an ogre zombie, a troll zombie and an orc skeleton.

Vanquished Creatures
  A hydra (D:9)
  A gargoyle (D:10)
  2 trolls
  2 dream sheep (D:9)
  A hippogriff (D:10)
  Sigmund (D:4)
  A wyvern (D:10)
  2 yaks (D:9)
  A hungry ghost (D:7)
  Duvessa (D:5)
  2 ice beasts
  A phantom (D:9)
  2 centaurs
  2 ogres (D:10)
  An orc warrior (D:7)
  2 crocodiles (D:9)
  5 big kobolds (D:9)
  Dowan (D:5)
  A gnoll sergeant (D:4)
  3 bullfrogs
  4 scorpions
  4 killer bees
  3 wights (D:9)
  3 howler monkeys
  A crimson imp (D:9)
  A quasit (D:10)
  2 bullfrog zombies
  2 jellies
  4 orc priests
  A centaur skeleton (D:4)
  A hound (D:4)
  2 orc wizards
  A bullfrog skeleton (D:4)
  An iguana (D:10)
  Natasha (thrice) (D:4)
  A worker ant (D:9)
  3 hound skeletons
  Robin (D:4)
  6 gnolls
  3 howler monkey skeletons
  8 adders
  2 shadow imps (D:6)
  An ooze (D:4)
  4 worms
  8 leopard geckos
  16 orcs
  9 bats
  4 giant cockroaches
  22 goblins
  13 hobgoblins
  5 jackals
  2 quokkas
  2 ball pythons
  8 frilled lizards
  20 kobolds
  5 orc zombies (D:11)
  6 rats
215 creatures vanquished.

Vanquished Creatures (others)
  A plant (D:11)
  A spectral weapon (D:9)
2 creatures vanquished.

Grand Total: 217 creatures vanquished

Notes
Turn   | Place    | Note
-------+----------+-------------------------------------------
     0 | D:1      | Leeroy the Gnoll Skald began the quest for the Orb.
     0 | D:1      | Reached XP level 1. HP: 20/20 MP: 6/6
   154 | D:1      | Reached XP level 2. HP: 22/26 MP: 7/7
   301 | D:1      | Learned a level 2 spell: Song of Slaying
   304 | D:1      | Learned a level 2 spell: Shroud of Golubria
   378 | D:1      | Reached XP level 3. HP: 25/31 MP: 9/9
   517 | D:1      | Reached skill level 5 in Spellcasting
   864 | D:2      | Reached skill level 1 in Invocations
   915 | D:2      | Found an iron altar of Okawaru.
   951 | D:2      | Became a worshipper of Warmaster Okawaru
  1096 | D:2      | Reached skill level 1 in Short Blades
  1096 | D:2      | Reached skill level 1 in Axes
  1096 | D:2      | Reached skill level 1 in Maces & Flails
  1096 | D:2      | Reached skill level 1 in Polearms
  1096 | D:2      | Reached skill level 1 in Staves
  1096 | D:2      | Reached skill level 1 in Slings
  1096 | D:2      | Reached skill level 1 in Bows
  1096 | D:2      | Reached skill level 1 in Crossbows
  1096 | D:2      | Reached skill level 1 in Throwing
  1096 | D:2      | Reached skill level 1 in Stealth
  1096 | D:2      | Reached skill level 1 in Shields
  1096 | D:2      | Reached skill level 1 in Unarmed Combat
  1096 | D:2      | Reached skill level 1 in Evocations
  1154 | D:2      | Reached XP level 4. HP: 36/38 MP: 11/11
  1178 | D:2      | Learned a level 3 spell: Regeneration
  1182 | D:2      | Learned a level 3 spell: Spectral Weapon
  1246 | D:2      | Found a sacrificial altar of Ru.
  1916 | D:3      | Found a glowing silver altar of Zin.
  2075 | D:3      | Reached skill level 1 in Conjurations
  2075 | D:3      | Reached skill level 1 in Hexes
  2075 | D:3      | Reached skill level 1 in Summonings
  2075 | D:3      | Reached skill level 1 in Necromancy
  2075 | D:3      | Reached skill level 1 in Translocations
  2075 | D:3      | Reached skill level 1 in Transmutations
  2075 | D:3      | Reached skill level 1 in Fire Magic
  2075 | D:3      | Reached skill level 1 in Ice Magic
  2075 | D:3      | Reached skill level 1 in Air Magic
  2075 | D:3      | Reached skill level 1 in Earth Magic
  2075 | D:3      | Reached skill level 1 in Poison Magic
  2075 | D:3      | Reached XP level 5. HP: 28/43 MP: 5/12
  2099 | D:3      | Found a glowing golden altar of the Shining One.
  2153 | D:3      | Found a stormy altar of Qazlal.
  2524 | D:4      | Got a fine hunting sling
  2526 | D:4      | Identified the +5 hunting sling of Posmuv {flame, rC+
                  | Str+4} (You found it on level 4 of the Dungeon)
  2625 | D:4      | Reached XP level 6. HP: 45/50 MP: 13/13
  2646 | D:4      | Noticed Natasha
  2662 | D:4      | Killed Natasha
  2662 | D:4      | Reached * piety under Okawaru
  2776 | D:4      | Reached skill level 5 in Fighting
  2776 | D:4      | Reached skill level 5 in Long Blades
  2776 | D:4      | Reached skill level 5 in Dodging
  2847 | D:4      | Learned a level 2 spell: Throw Frost
  2894 | D:4      | Noticed Natasha
  2906 | D:4      | Killed Natasha
  2978 | D:4      | Noticed Robin
  2982 | D:4      | Reached XP level 7. HP: 33/56 MP: 15/15
  2993 | D:4      | Killed Robin
  3106 | D:4      | Noticed Sigmund
  3135 | D:4      | Killed Sigmund
  3152 | D:4      | Found a snail-covered altar of Cheibriados.
  3307 | D:4      | Noticed Natasha
  3312 | D:4      | Killed Natasha
  3497 | D:5      | Entered Level 5 of the Dungeon
  3527 | D:5      | Noticed Duvessa
  3530 | D:5      | Noticed Dowan
  3555 | D:5      | Killed Duvessa
  3555 | D:5      | Reached ** piety under Okawaru
  3557 | D:5      | Killed Dowan
  3557 | D:5      | Reached XP level 8. HP: 43/63 MP: 16/16
  4258 | D:6      | Found a bloodstained altar of Trog.
  4780 | D:7      | Reached *** piety under Okawaru
  4796 | D:7      | Reached XP level 9. HP: 24/69 MP: 14/18
  4977 | D:7      | Found a staircase to the Ecumenical Temple.
  5014 | Temple   | Entered the Ecumenical Temple
  5304 | D:7      | Found Gammoebb's Assorted Antiques.
  5307 | D:7      | Bought a runed ring mail for 140 gold pieces
  5351 | D:7      | Gained mutation: Scrolls take you a little longer to read.
                  | [potion of mutation]
  5351 | D:7      | Gained mutation: You possess an exceptional clarity of
                  | mind. [potion of mutation]
  5628 | D:8      | Noticed a troll
  5663 | D:9      | Noticed a death knight
  5663 | D:9      | Noticed a spectral wolf spider
  5665 | D:9      | Found a transporter.
  5665 | D:9      | Noticed Loge's ghost (novice DEFE)
  5667 | D:9      | Found a transporter.
  5673 | D:9      | Noticed a death knight
  5680 | D:10     | Entered Level 10 of the Dungeon
  5988 | D:10     | Reached skill level 5 in Armour
  6006 | D:10     | Noticed a troll
  6025 | D:10     | Learned a level 4 spell: Throw Icicle
  6294 | D:9      | Received a gift from Okawaru
  6354 | D:9      | Reached **** piety under Okawaru
  6857 | D:9      | Killed a troll
  6857 | D:9      | Reached skill level 5 in Invocations
  6946 | D:9      | Reached XP level 10. HP: 55/77 MP: 20/20
  7031 | D:9      | Learned a level 1 spell: Freeze
  7108 | D:9      | Reached ***** piety under Okawaru
  7139 | D:9      | Noticed a three-headed hydra
  7143 | D:9      | Reached skill level 5 in Short Blades
  7143 | D:9      | Reached skill level 5 in Axes
  7143 | D:9      | Reached skill level 5 in Maces & Flails
  7143 | D:9      | Reached skill level 5 in Polearms
  7143 | D:9      | Reached skill level 5 in Staves
  7143 | D:9      | Reached skill level 5 in Slings
  7143 | D:9      | Reached skill level 5 in Bows
  7143 | D:9      | Reached skill level 5 in Crossbows
  7143 | D:9      | Reached skill level 5 in Throwing
  7143 | D:9      | Reached skill level 5 in Stealth
  7143 | D:9      | Reached skill level 5 in Shields
  7143 | D:9      | Reached skill level 5 in Unarmed Combat
  7143 | D:9      | Reached skill level 5 in Evocations
  7149 | D:9      | Killed a one-headed hydra
  7149 | D:9      | Received a gift from Okawaru
  7302 | D:9      | Found Bailuthru's Armour Emporium.
  7700 | D:10     | Noticed a gargoyle
  7707 | D:10     | Killed a gargoyle
  7866 | D:10     | Received a gift from Okawaru
  8325 | D:11     | Paralysed by a hornet for 3 turns
  8326 | D:11     | HP: 3/79 [hornet (6)]
  8326 | D:11     | Slain by an ogre zombie

Vault maps used:
D:1:      elethiomel_arrival_shortcut, serial_park_tiny_pond,
          minmay_pentomino_z2
D:2:      nicolae_ru_awakened_eye, old_standard_altar, minmay_box_of_dots
D:3:      lemuel_doored_altar, lemuel_coloured_pillars_altar,
          grunt_qazlal_clouds
D:4:      old_standard_altar, lightli_minifort, uniq_robin, uniq_natasha,
          uniq_sigmund
D:5:      first_ration, uniq_duvessa
D:6:      lemuel_crystal_altar
D:7:      minmay_temple_entry_trees, serial_shops, kennysheep_mini_moat
D:8:      nicolae_overflow_crystal_walls, xom_butterflies,
          kennysheep_little_box, overflow_temple_1_default, serial_shops, shop
D:9:      gammafunk_ghost_mausoleum, serial_shops, nicolae_shop_behind_doors,
          hangedman_ranch
D:10:     minmay_angry_zag, minmay_misc_feat_columns
D:11:     due_lair_maze_entry_diamond, zombieorc2_lemuel, serial_shops,
          nicolae_shop_overgrown_old_shop, nicolae_looking_at_the_future,
          uniq_urug
Temple:   minmay_temple_curvy_loop

Skill      XL: |  1  2  3  4  5  6  7  8  9 10 |
---------------+-------------------------------+-----
Spellcasting   | 5 6 7 |  7.5
Invocations    | 1 2 3 4 5 6 |  6.0
Short Blades   | 1 2 3 4 5 |  5.5
Axes           | 1 2 3 4 5 |  5.5
Maces & Flails | 1 2 3 4 5 |  5.5
Polearms       | 1 2 3 4 5 |  5.5
Staves         | 1 2 3 4 5 |  5.5
Slings         | 1 2 3 4 5 |  5.5
Bows           | 1 2 3 4 5 |  5.5
Crossbows      | 1 2 3 4 5 |  5.5
Throwing       | 1 2 3 4 5 |  5.5
Stealth        | 1 2 3 4 5 |  5.5
Shields        | 1 2 3 4 5 |  5.5
Unarmed Combat | 1 2 3 4 5 |  5.5
Evocations     | 1 2 3 4 5 |  5.5
Conjurations   | 1 2 3 4 |  4.5
Hexes          | 1 2 3 4 |  4.5
Summonings     | 1 2 3 4 |  4.5
Necromancy     | 1 2 3 4 |  4.5
Translocations | 1 2 3 4 |  4.5
Transmutations | 1 2 3 4 |  4.5
Fire Magic     | 1 2 3 4 |  4.5
Ice Magic      | 1 2 3 4 |  4.5
Air Magic      | 1 2 3 4 |  4.5
Earth Magic    | 1 2 3 4 |  4.5
Poison Magic   | 1 2 3 4 |  4.5
Armour         | 3 4 5 6 |  6.1
Fighting       | 5 6 7 |  7.2
Long Blades    | 5 6 7 |  7.2
Dodging        | 5 6 7 |  7.2
Charms         | 6 7 |  7.2

Action                   |  1- 3 |  4- 6 |  7- 9 | 10-12 || total
-------------------------+-------+-------+-------+-------++-------
Melee: Falchion          |   132 |    62 |       |    62 ||   256
       Bite              |    12 |    17 |    46 |    16 ||    91
       Punch             |     1 |     1 |     6 |     3 ||    11
       Long sword        |       |    15 |    50 |    11 ||    76
       Dagger            |       |    80 |   348 |    33 ||   461
       Hand axe          |       |       |    19 |       ||    19
       Hunting sling     |       |       |       |    12 ||    12
 Fire: Hunting sling     |       |    29 |    41 |     8 ||    78
Throw: Stone             |       |       |     3 |     8 ||    11
 Cast: Regeneration      |       |     2 |     9 |     3 ||    14
       Spectral Weapon   |       |     2 |     1 |       ||     3
       Song of Slaying   |       |     1 |       |     1 ||     2
       Shroud of Golubri |       |       |     5 |     1 ||     6
       Throw Frost       |       |       |     8 |     2 ||    10
       Throw Icicle      |       |       |     5 |     6 ||    11
       Freeze            |       |       |       |     5 ||     5
Invok: Heroism           |       |       |     1 |       ||     1
  Use: Scroll            |       |     1 |     8 |     7 ||    16
       Potion            |       |       |     5 |       ||     5
 Stab: Sleeping          |     1 |       |     4 |     3 ||     8
       Distracted        |       |       |       |     1 ||     1
  Eat: Chunk             |     1 |     6 |    18 |     7 ||    32
       Ration            |       |       |     1 |       ||     1
Armor: Leather armour    |    28 |       |       |       ||    28
       Ring mail         |       |    44 |   153 |    62 ||   259
Dodge: Dodged            |   104 |   138 |   340 |   128 ||   710
       Rpst.: Falchion   |    35 |    10 |       |    19 ||    64
       Long sword        |       |     4 |    11 |       ||    15

Table legend:
 A = Non-vault XP
 B = Vault XP
 C = Vault XP percentage of total XP
 D = Non-vault monster count
 E = Vault monster count
 F = Vault count percentage of total count
                 A         B        C        D         E       F
            +---------+---------+-------+---------+---------+-------
      Total |    5037 |    3313 |  39.7 |     173 |      42 |  19.5
            +---------+---------+-------+---------+---------+-------
        D:1 |      48 |       3 |   5.9 |      28 |       2 |   6.7
        D:2 |      46 |       5 |   9.8 |      22 |       3 |  12.0
        D:3 |     150 |       0 |   0.0 |      25 |       0 |   0.0
        D:4 |     291 |     437 |  60.0 |      18 |      18 |  50.0
        D:5 |     276 |     232 |  45.7 |       8 |       2 |  20.0
        D:6 |     373 |       0 |   0.0 |      10 |       0 |   0.0
        D:7 |     882 |       0 |   0.0 |      18 |       0 |   0.0
        D:8 |     178 |       0 |   0.0 |       4 |       0 |   0.0
        D:9 |    1442 |    2208 |  60.5 |      27 |       8 |  22.9
       D:10 |    1279 |     423 |  24.9 |      11 |       4 |  26.7
       D:11 |      72 |       5 |   6.5 |       2 |       5 |  71.4
            +---------+---------+-------+---------+---------+-------
